 Dungeon Crawl Stone Soup version 0.21-a0-632-g1e37ce5 (webtiles) character file.

465 Amnesiac the Cutter (level 7, -7/35 HPs)
             Began as a Vine Stalker Fighter on Dec 28, 2017.
             Was an Initiate of Gozag.
             Killed by divine providence
             ... invoked by an orc priest
              (9 damage)
             ... on level 4 of the Dungeon.
             The game lasted 00:02:30 (2695 turns).

Amnesiac the Cutter (Vine Stalker Fighter)          Turns: 2695, Time: 00:02:31

Health: -7/35      AC:  9    Str: 21    XL:     7   Next: 8%
Magic:  0/8        EV:  7    Int:  8    God:    Gozag
Gold:   361        SH:  9    Dex: 13    Spells: 6/6 levels left

rFire    . . .     SeeInvis .   a - +0 rapier
rCold    . . .     Gourm    .   c - +0 shield
rNeg     . . .     Faith    .   b - +0 scale mail
rPois    .         Spirit   +   x - +2 helmet
rElec    .         Reflect  .   (no cloak)
rCorr    .         Harm     .   (no gloves)
MR       .....                  (no boots)
Stlth    ..........             (no amulet)
HPRegen  0.51/turn              (no ring)
MPRegen  0.11/turn              (no ring)

@: no status effects
A: fangs 2, regeneration 1, magic shield, antimagic bite, no potion heal 3, rot
immunity
a: Potion Petition, Call Merchant, Bribe Branch, Renounce Religion


You were on level 4 of the Dungeon.
You worshipped Gozag.
Gozag was aware of your devotion.
You were not hungry.

You visited 1 branch of the dungeon, and saw 4 of its levels.

You collected 402 gold pieces.
You paid 41 gold pieces to Gozag.

Inventory:

Hand Weapons
 a - a +0 rapier (weapon)
Missiles
 i - 6 needles of paralysis
 j - 39 poisoned needles
Armour
 b - a +0 scale mail (worn)
 c - a +0 shield (worn)
 l - a +0 helmet
 x - a +2 helmet (worn)
Jewellery
 g - an uncursed ring of flight {unknown}
 v - a cursed amulet of inaccuracy {unknown}
 w - an uncursed ring of flight {unknown}
Scrolls
 e - 2 scrolls of immolation {!r, unknown}
 h - a scroll of fear {!r, unknown}
 n - 3 scrolls of identify {!r, unknown}
 o - a scroll of enchant armour {!r, unknown}
 s - a scroll of noise {!r, unknown}
 t - a scroll of amnesia {!r, unknown}
 u - a scroll of enchant weapon {!r, unknown}
Potions
 d - a potion of might {!q}
 k - a potion of berserk rage {!q, unknown}
 m - 2 potions of agility {!q, unknown}
 p - a potion of lignification {!q, unknown}
 q - a potion of curing {!q, unknown}
 r - a potion of haste {!q, unknown}
Comestibles
 f - 4 rations


   Skills:
 - Level 2.6 Fighting
 + Level 6.8 Short Blades
 - Level 2.4 Armour
 - Level 2.6 Shields


You had 6 spell levels left.
You didn't know any spells.

Dungeon Overview and Level Annotations

Branches:
Dungeon (4/15)
 Temple: D:4-7

Altars:
Elyvilon
Fedhas
Gozag
Trog
Uskayaw
The Shining One

Annotations:
D:4 Edmund


Innate Abilities, Weirdness & Mutations

You have extremely sharp teeth.
Your natural rate of healing is unusually fast.
When hurt, damage is shared between your health and your magic reserves.
Your bite disrupts and absorbs the magic of your enemies.
Potions cannot restore your health.
You are immune to rotting.


Message History

The orc wizard points at you and mumbles some strange words.
You are confused.
An orc priest comes into view. It is wielding a hand axe.
There are monsters nearby!
You are too confused!
You are too confused!
You are too confused!
You're too confused to move!
The orc wizard moves out of view.
You're too confused to move!
The orc priest calls down the wrath of Beogh upon you.
Beogh smites you!
An iguana comes into view.
The iguana hisses angrily.
You hear a shout!
The orc is distracted by the nearby gold.
You hear a shout!
The orc shouts!
Edmund the Younger comes into view.
He is wielding a flail of protection.
Unknown command.
You're too confused!
Unknown command.
Found a long sword.
An iguana comes into view.
You feel less confused.
The iguana hisses angrily.
The orc priest barely misses you. The orc wizard barely misses you.
The iguana hisses menacingly.
The orc wizard hits you but does no damage.
You hit the orc priest.
The orc priest is moderately wounded.
The orc is no longer distracted by gold.
The orc wizard hits you but does no damage.
The orc priest barely misses you.
The orc wizard hits you but does no damage.
You closely miss the orc priest.
You bite the orc priest, but do no damage.
The orc priest is moderately wounded.
The orc wizard hits you with a dagger. You block the orc's attack.
The orc priest hits you but does no damage.
You block the orc wizard's attack.
You hit the orc priest but do no damage.
The orc priest is moderately wounded.
The orc wizard hits you but does no damage.
You block the orc's attack.
The orc priest hits you but does no damage.
The orc wizard barely misses you.
You are starving!
You barely miss the orc priest.
You bite the orc priest, but do no damage.
The orc priest is moderately wounded.
The orc wizard points at you and mumbles some strange words.
The puff of flame hits you! The orc hits you but does no damage.
The orc priest calls down the wrath of Beogh upon you.
Beogh smites you!
* * * LOW HITPOINT WARNING * * *
You're too hungry.
You eat one of the 5 rations.
That ration really hit the spot!
You block the orc wizard's attack.
The orc wizard gestures at you while chanting.
The puff of flame hits you!
* * * LOW HITPOINT WARNING * * *
The orc hits you but does no damage. The iguana completely misses you.
The orc priest invokes the aid of Beogh against you.
Beogh smites you!
You die...
Your body crumbles into a pile of gold.

.. ....).# ..
....... '#
.......##.######
......#........
#....#........
.##....#ol......
.......#@.......
.......ooo######
....###@..##
.#### #....#
.....#####....#
.........$....#
........%.....#
..............#
...<..........##


You could see Edmund, an iguana, an orc priest, 2 orc wizards and an orc.

Vanquished Creatures
  Grinder (D:3)
  The ghost of Nattefrost the Poker, an amateur MfAr (D:3)
  An orc priest (D:4)
  Terence (D:2)
  4 adders
  2 oozes
  An adder skeleton (D:4)
  4 worms
  3 dart slugs
  3 leopard geckos
  7 orcs (D:3)
  4 giant cockroaches
  5 goblins
  3 hobgoblins
  10 jackals
  8 kobolds
  A quokka (D:2)
  A ball python (D:2)
  5 bats
  A frilled lizard (D:3)
  5 rats
71 creatures vanquished.

Notes
Turn   | Place    | Note
-------+----------+-------------------------------------------
     0 | D:1      | Amnesiac the Vine Stalker Fighter began the quest for the Orb.
     0 | D:1      | Reached XP level 1. HP: 11/11 MP: 2/2
   156 | D:2      | Reached skill level 2 in Short Blades
   160 | D:2      | Reached XP level 2. HP: 2/16 MP: 3/3
   643 | D:2      | Reached skill level 3 in Short Blades
   682 | D:1      | Reached XP level 3. HP: 16/19 MP: 4/4
  1521 | D:2      | Found a bloodstained altar of Trog.
  1524 | D:2      | Found a hide-covered altar of Uskayaw.
  1530 | D:2      | Found a blossoming altar of Fedhas.
  1603 | D:2      | Gained mutation: Your natural rate of healing is unusually fast. [Vine Stalker growth]
  1603 | D:2      | Reached XP level 4. HP: 13/23 MP: 5/5
  1801 | D:2      | Noticed Terence
  1813 | D:2      | Killed Terence
  1813 | D:2      | Reached skill level 4 in Short Blades
  1817 | D:2      | Found a glowing golden altar of the Shining One.
  1995 | D:2      | Found an opulent altar of Gozag.
  2007 | D:2      | Became a worshipper of Gozag Ym Sagoz the Greedy
  2141 | D:3      | Reached XP level 5. HP: 22/27 MP: 3/6
  2342 | D:3      | Noticed Nattefrost's ghost (amateur MfAr)
  2373 | D:3      | Killed Nattefrost's ghost
  2373 | D:3      | Reached skill level 5 in Short Blades
  2373 | D:3      | Reached XP level 6. HP: 6/32 MP: 1/7
  2377 | D:3      | HP: 1/32 [worm (7)]
  2493 | D:3      | Found a white marble altar of Elyvilon.
  2509 | D:3      | Noticed Grinder
  2521 | D:3      | Paralysed by Grinder for 3 turns
  2543 | D:3      | Paralysed by Grinder for 6 turns
  2562 | D:3      | Killed Grinder
  2562 | D:3      | Reached skill level 6 in Short Blades
  2562 | D:3      | Reached XP level 7. HP: 7/35 MP: 1/8
  2689 | D:4      | Noticed Edmund
  2695 | D:4      | Killed from afar by an orc priest

Vault maps used:
D:1:      dpeg_arrival_shrine
D:2:      grunt_gozag_statues, grunt_temple_overflow_diamond, tso_metal_star,
          uniq_terence
D:3:      elyvilon_altar_1, uniq_grinder
D:4:      first_ration, hangedman_glass_teeth, kennysheep_small_circle,
          uniq_eustachio, uniq_edmund, uniq_robin

Skill      XL: |  1  2  3  4  5  6 |
---------------+-------------------+-----
Short Blades   | 2 3 4 5 6 |  6.8
Fighting       | |  2.6
Armour         | |  2.4
Shields        | |  2.6

Action                   |  1- 3 |  4- 6 |  7- 9 || total
-------------------------+-------+-------+-------++-------
Melee: Rapier            |   113 |   156 |    12 ||   281
       Bite              |    28 |    45 |     8 ||    81
  Eat: Chunk             |     2 |     2 |       ||     4
       Ration            |       |       |     1 ||     1
Armor: Scale mail        |    50 |    39 |     8 ||    97
Dodge: Dodged            |    39 |    31 |     7 ||    77
Block: Shield            |    52 |    49 |     5 ||   106

Table legend:
 A = Spawn XP
 B = Non-spawn XP
 C = Spawn XP percentage of total XP
 D = Spawn monster count
 E = Non-spawn monster count
 F = Spawn count percentage of total count
 G = Total turns spent on level
                    A         B        C        D         E        F      G
               +---------+---------+-------+---------+---------+-------+---------
         Total |       0 |     665 |   0.0 |       0 |      71 |   0.0 |  2695
               +---------+---------+-------+---------+---------+-------+---------
           D:1 |       0 |      30 |   0.0 |       0 |      17 |   0.0 |   907
           D:2 |       0 |     112 |   0.0 |       0 |      24 |   0.0 |  1182
           D:3 |       0 |     477 |   0.0 |       0 |      28 |   0.0 |   542
           D:4 |       0 |      46 |   0.0 |       0 |       2 |   0.0 |    64
               +---------+---------+-------+---------+---------+-------+---------
